Description

A variation of Zuka's Build Order: _PvX - Easy Build - Zeal/Immo/Archon (English VOD) (PvX Economic)_ from Jan 01, 2019.

Link: https://lotv.spawningtool.com/build/88774/

No Probe-Steps in this one, but all the Pylons, some annotations and slight variations / different timings.

Everything's still work in progress and subject to change.

VOD

https://www.youtube.com/watch?v=BAiuBxxjjUA&t=204s

Build Order

Get SALT Encoding   

  14  0:17  Pylon ( 1.)  
  15  0:31  Probe (Chrono Nexus)  
  16  0:38  Gateway ( 1. | Scout w/ Probe)  
  17  0:47  Assimilator  
  18  0:57  Assimilator  
  19  1:16  Gateway ( 2. | Chrono Nexus)  
  21  1:26  Cybernetics Core  
  22  1:39  Pylon ( 2.)  
  24  2:05  Sentry, Stalker (Scout with Illusion-Phoenix)  
  28  2:07  Warp Gate  
  29  2:16  Pylon ( 3. at Natural)  
  30  2:40  Stalker x2  
  34  3:02  Nexus ( 2.)  
  34  3:14  Robotics Facility  
  35  3:22  Pylon ( 4.)  
  36  3:30  Forge (Chrono Nexus)  
  39  3:48  Stalker x2  
  45  4:04  Observer, Immortal (Chrono Boost) ( 1.), (1. | scout Opponent)  
  45  4:11  Protoss Ground Weapons Level 1 (Chrono Boost)  
  51  4:20  Gateway x2 ( 3. + 4.)  
  51  4:30  Assimilator x2  
  54  4:44  Twilight Council  
  56  4:53  Shield Battery ( at Natural)  
  58  5:02  Pylon ( 5. at Natural)  
  58  5:11  Stalker x2  
  58  5:19  Photon Cannon (at Main Base)  
  64  5:27  Templar Archives  
  64  5:35  Pylon ( 6. 3rd Base)  
  66  5:42  Immortal (Chrono Boost) ( 2.)  
  70  5:49  Nexus ( 3.)  
  70  5:56  Shield Battery ( at 3rd Base)  
  70  6:03  Pylon ( 7.)  
  70  6:10  Charge  
  70  6:17  Forge  
  74  6:24  Archon x2 ( 1. via High Templar), ( 2.)  
  80  6:31  Pylon ( 8. at Main Base)  
  80  6:38  Gateway x2 ( 5. + 6)  
  81  6:45  Protoss Ground Armor Level 1 (Chrono Boost), Protoss Ground Weapons Level 2 (Chrono Boost) (altern. Shields 1)  
  81  6:52  Photon Cannon (at Natural)  
  81  6:59  Pylon ( 9.)  
  83  7:06  Archon x2 ( 3.), ( 4.)  
  93  7:13  Immortal (Chrono Boost) ( 3.)  
  96  7:20  Gateway x2 ( 7. + 8.)  
  100  7:27  Pylon ( 10.)  
  103  7:34  Zealot x2  
  110  7:41  Zealot x2  
  110  7:48  Archon ( 5.)  
  110  7:55  Pylon x2 ( 11.+12.)  
  123  8:02  Assimilator x2  
  123  8:09  Immortal (4.)  
  127  8:16  Protoss Ground Armor Level 2 (Chrono Boost) (altern. Shields 2)  
  127  8:23  Gateway x2 ( 9. + 10.)  
  127  8:30  Pylon x2 ( 13.+14.)  
  128  8:37  Zealot x4  
  138  8:44  Archon ( 6.)  
  138  8:51  Photon Cannon ( at 3rd Base)  
  138  8:58  Pylon x2 ( 15.+16.)  
  152  9:05  Warp Prism  
  152  9:12  Archon ( 7.)  
  152  9:19  Pylon x2 ( 17.+18.)  
  155  9:26  Archon ( 8.)  
  169  9:33  Observer x3 ( 2. - 4.)  
  176  9:40  Archon ( 9.)  
  176  9:47  Pylon x2 ( 19.+20.)  
  180  9:54  Gateway x2 ( 11. + 12.)  
  180  10:01  Sentry x4  
  188  10:08  Zealot x4  
  196  10:15  Archon ( 10.)  
  200  10:22  Nexus ( 4.)  
Spawning Tool Build Advisor. Get it on Overwolf

Go to:

Details

  • Created by: FX
  • Published on: May 17, 2020
  • Modified on: Jul 02, 2020
  • Patch: 4.11.0
  • Difficulty: Easy
Show
View Real Time Build Order
Export as new Build Order

Comments (6)

On May 27, 2020, 4:16 a.m., FX  said:

@saltynutz:
Then I would definitely recommend you take a look at Zuka's Build Order "PvX - Easy Build - Zeal/Immo/Archon (English VOD) (PvX Economic)"
(Link: https://lotv.spawningtool.com/build/88774/).
Because that's basically the one I adapted this build order from and it contains probe markers.

On May 26, 2020, 6:42 p.m., saltynutz  said:

Be really cool to see some probe markers in there... Because, I'm functionally retarded and I struggle. I want it to say "BUILD A PROBE".

On May 24, 2020, 2:56 p.m., zaqxsw33_8@hotmail.com  said:

$122348|spawningtool.com||~* 0 ;, E 8- N 3. X 3/!/ 81!9 42!F ;4"#!84"#!88"%#:9"/ ;:"C!8:"C!8>"[ 9>#/ =@#? 7C$!!2I$+!4K$4 8K$4 8K$< 3K$< 3N$K @P$U!2V%*!:V%*!:V%/ :Z%5#;\%6 ?^%H!2b%W 9b&' 7f&/"-f&/"-l&> 8l&> 8m&M#3m&M#2m&R :o'%"-o'%"-y'2!2

On May 20, 2020, 7:38 a.m., FX  said:

@AtticusPrime:
Sorry. You probably returned while I was messing around and adding some things to the build order (and not everything had a time code then).
It should work again now.
But keep in mind: I still try to refine the elements and timings to my (low apm ;p) playstyle. So there will probably be some changes in the future.
Feel free copy and edit it to your own liking.

On May 19, 2020, 2:09 p.m., AtticusPrime  said:

It works, I saved it!

On May 19, 2020, 9:05 a.m., AtticusPrime  said:

Hi, I was using this build order and voted for it, but I came back to try it again and its broken, no SALT link. Can you help me fix it, please?

Create an account to comment!